 Dungeon Crawl Stone Soup version 0.32-a0-433-g08bcfe7efd (webtiles) character file.

Game seed: 14053055457200050706

61 javelincjr the Trooper (level 3, -2/33 HPs)
             Began as a Mountain Dwarf Monk on Feb 22, 2024.
             Slain by a river rat (7 damage)
             ... on level 3 of the Dungeon.
             The game lasted 00:04:07 (1779 turns).

javelincjr the Trooper (Mountain Dwarf Monk)        Turns: 1779, Time: 00:04:08

Health: -2/33      AC:  5    Str: 15    XL:     3   Next: 83%
Magic:  3/3        EV: 12    Int: 10    God:
Gold:   81         SH:  0    Dex: 12    Spells: 2/2 levels left

rFire   . . .        a - +0 hand axe
rCold   . . .        d - orb {light}
rNeg    . . .        l - +0 leather armour
rPois   .            (no helmet)
rElec   .            (no cloak)
rCorr   .            r - +0 pair of gloves
SInv    .            w - +0 pair of boots
Will    .....        (no amulet)
Stlth   +            (no ring)
HPRegen 0.25/turn    (no ring)
MPRegen 0.08/turn

%: no passive effects
@: glowing
A: runic magic, artefact enchanting
a: no special abilities


You were on level 3 of the Dungeon.
You visited 1 branch of the dungeon, and saw 3 of its levels.

You collected 81 gold pieces.

Inventory:

Hand Weapons
 a - a +0 hand axe (weapon)
 e - a +0 spear
Armour
 d - an orb of light (worn)
 k - a +0 ring mail
 l - a +0 leather armour (worn)
 r - a +0 pair of gloves (worn)
 w - a +0 pair of boots (worn)
Scrolls
 b - a scroll of brand weapon {unknown}
 f - a scroll of fog {unknown}
 i - a scroll of enchant weapon {unknown}
 n - a scroll of revelation {unknown}
 o - a scroll of amnesia {unknown}
 s - a scroll of poison {unknown}
 t - a scroll of identify {unknown}
 v - a scroll of teleportation {unknown}
Potions
 g - 2 potions of might {unknown}
 h - a potion of enlightenment {unknown}
 j - a potion of heal wounds {unknown}
 m - a potion of brilliance {unknown}
 p - a potion of berserk rage {unknown}
 q - a potion of attraction {unknown}
 u - a potion of curing {unknown}


   Skills:
 * Level 4.2 Fighting
 + Level 4.1 Axes
 + Level 1.4 Armour
 + Level 2.5 Dodging


You had 2 spell levels left.
You didn't know any spells.
Your spell library contained the following spells:

 Spells                   Type           Power      Damage    Failure   Level
 Cigotuvi's Dreadful Rot  Necr/Alch/Air  0%         N/A       52%         2
 Ignite Poison            Fire/Alch      0%         N/A       98%         4
 Freezing Cloud           Conj/Ice/Air   0%         6-21      100%        5


Dungeon Overview and Level Annotations

Branches:
Dungeon (3/15)

Altars:
Ru


Innate Abilities, Weirdness & Mutations

Your spellcasting is much less encumbered by armour.
You can use scrolls of enchantment on lesser artefacts.


Message History

You are too injured to fight recklessly!
You are confused.
You feel invigorated.
You feel sick. The adder bites you.
* * * LOW HITPOINT WARNING * * *
The river rat closely misses you.
You barely miss the river rat.
The river rat is moderately wounded.
You hit the adder but do no damage.
You feel sick. The adder bites you.
You are more poisoned.
The adder poisons you! The river rat closely misses you.
The adder bites you but does no damage.
You feel sick. The adder attacks as it pursues you!
The adder bites you but does no damage.
You feel sick. The adder attacks as it pursues you!
The adder bites you but does no damage.
The river rat attacks as it pursues you!
The river rat misses you.
You hit the adder.
The adder is heavily wounded.
You closely miss the river rat.
You feel less invigorated.
You feel less confused.
You feel sick. The adder bites you but does no damage.
The river rat barely misses you. The adder bites you.
You hit the adder.
You kill the adder!
You barely miss the river rat.
You feel sick. The river rat bites you. The river rat closely misses you.
You barely miss the river rat.
The river rat is moderately wounded.
You feel sick. The river rat closely misses you.
You hit the river rat but do no damage.
The river rat is moderately wounded.
You feel sick. The river rat bites you.
* * * LOW HITPOINT WARNING * * *
You hit the river rat.
The river rat is severely wounded.
You feel sick.
You are no longer poisoned.
The river rat bites you!
You die...

########
##..<...##
##........##
#..........#
#..........#
#...@......#
#....r.......
#..........##
##........##
#..........#
#.......?..#
#..........#
#..........#
#...~~######


You could see a river rat.

Vanquished Creatures
  An adder (D:3)
  2 dart slugs (D:1)
  2 ball pythons (D:2)
  6 endoplasms
  2 giant cockroaches
  6 goblins
  5 hobgoblins
  4 jackals (D:1)
  A quokka (D:1)
  3 bats
  3 frilled lizards
  2 kobolds (D:2)
  5 rats
42 creatures vanquished.

Notes
Turn   | Place    | Note
-------+----------+-------------------------------------------
     0 | D:1      | javelincjr the Mountain Dwarf Monk began the quest for the
                  | Orb.
     0 | D:1      | Reached XP level 1. HP: 19/19 MP: 1/1
   212 | D:1      | Reached XP level 2. HP: 24/26 MP: 2/2
   293 | D:1      | Reached skill level 1 in Armour
   483 | D:1      | Reached XP level 3. HP: 26/33 MP: 3/3
  1265 | D:2      | Found a faded altar of an unknown god.
  1326 | D:2      | Found a sacrificial altar of Ru.
  1779 | D:3      | Slain by a river rat

Illustrated notes

Levels and vault maps discovered:
D:1:      saegor_arrival_simple_e, layout_rooms, chequers_serial_rivers_small_b,
          minmay_misc_feat_ornament, minmay_misc_feat_tower,
          nicolae_kite_square_tiling_tiny, minivault_24
D:2:      layout_loops_corners, shapermc_ecumenical_altar_gd, basic_altar
D:3:      layout_rooms, serial_shops, nicolae_shop_back_alley_shop,
          lightli_sewer_entry_pipes, minivault_23, kennysheep_boxes,
          uniq_terence

Skill      XL: |  1  2  3 |
---------------+----------+-----
Armour         | 1 |  1.4
Axes           | 4 |  4.1
Fighting       | 4 |  4.2
Dodging        | |  2.5

Action                     || total
---------------------------++-------
  Melee: Hand axe          ||   139
    Use: Potion            ||     1
 Armour: Robe              ||    32
         Leather armour    ||    27
  Dodge: Dodged            ||    77

Table legend: (Time is in decaauts)
 A = Elapsed time spent in this place.
 B = Non-inter-level travel time spent in this place.
 C = Inter-level travel time spent in this place.
 D = Time resting spent in this place.
 E = Time spent auto-exploring this place.
 F = Levels seen in this place.
 G = Mean time per level.
                   A        B        C        D        E       F      G
               +--------+--------+--------+--------+--------+-----+--------+
         Total |   1792 |   1726 |     66 |      0 |   1365 |   3 |  597.3 |
       Dungeon |   1792 |   1726 |     66 |      0 |   1365 |   3 |  597.3 |
               +--------+--------+--------+--------+--------+-----+--------+

Top non-repeatable levels by time:
     D:2: 938 daAuts
     D:1: 831 daAuts
     D:3: 22 daAuts
